IL
LAS VEGAS 51S @ GWINNETT BRAVES
09/08/2044
 
TOP OF THE 1ST
Las Vegas 51s batting - Pitching for Gwinnett Braves : RHP Preston Larson
Pitching: RHP Preston Larson
Batting: RHB Jordan Martin 0-0: Swinging Strike
0-1: Ball
1-1: Ball
2-1: Foul Ball, location: 2F
2-2: Ground out 6-3 (Groundball, 6, EV 85.6 MPH)
Batting: SHB Billy Encinias 0-0: Called Strike
0-1: Called Strike
0-2: Ball
1-2: Ball
2-2: Foul Ball, location: 2F
2-2: Ball
3-2: Foul Ball, location: 2F
3-2: Foul Ball, location: 2F
3-2: Strikes out swinging
Batting: SHB Roberto Magne 0-0: Ball
1-0: Ball
2-0: Foul Ball, location: 2F
2-1: Foul Ball, location: 2F
2-2: Foul Ball, location: 2F
2-2: Ball
3-2: Base on Balls
Batting: LHB Bill Armijo 0-0: Called Strike
Roberto Magne steals 2nd base
0-1: Foul Ball, location: 2F
0-2: Ball
1-2: Ball
2-2: Foul Ball, location: 2F
2-2: Ball
3-2: DOUBLE (Groundball, 3L, EV 101.9 MPH)
Roberto Magne scores
Batting: SHB Josh Schultze 0-0: Ball
1-0: Foul Ball, location: 2F
1-1: Swinging Strike
1-2: Foul Ball, location: 2F
1-2: Foul Ball, location: 2F
1-2: Strikes out swinging, 2-3 out at first.
Top of the 1st over - 1 run, 1 hit, 0 errors, 1 left on base; Las Vegas 1 - Gwinnett 0
BOTTOM OF THE 1ST
Gwinnett Braves batting - Pitching for Las Vegas 51s : RHP Ryan Stegall
Pitching: RHP Ryan Stegall
Batting: LHB Ricky Ayon 0-0: Ball
1-0: Ball
2-0: Called Strike
2-1: Hit by Pitch
Batting: RHB Alex Munoz 0-0: Ball
1-0: Ball
2-0: Ball
3-0: Called Strike
3-1: Called Strike
3-2: Foul Ball, location: 2F
3-2: Strikes out swinging
Ricky Ayon steals 2nd base
Batter strikes out.
Batting: RHB Jake Lang 0-0: Foul Ball, location: 2F
0-1: Called Strike
0-2: Foul Ball, location: 2F
Pickoff Throw to Second - Error! E1
Ricky Ayon to third
0-2: Ball
1-2: Ball
2-2: Ball
3-2: Strikes out swinging
Batting: RHB Josh Whitmore 0-0: Fly out, F3 (Flyball, 3D, EV 90.0 MPH)
Bottom of the 1st over - 0 runs, 0 hits, 1 error, 1 left on base; Las Vegas 1 - Gwinnett 0
TOP OF THE 2ND
Las Vegas 51s batting - Pitching for Gwinnett Braves : RHP Preston Larson
Batting: LHB Ben Goldstein 0-0: Called Strike
0-1: Ball
1-1: Called Strike
1-2: Strikes out swinging
Batting: LHB Sal Fernandez 0-0: Ball
1-0: Ball
2-0: Called Strike
2-1: Ball
3-1: Fly out, F4 (Line Drive, 4, EV 71.3 MPH)
Batting: RHB Masaya Nakamura 0-0: Ball
1-0: Ball
2-0: Foul Ball, location: 2F
2-1: Ball
3-1: Ground out 4-3 (Groundball, 4MD, EV 76.3 MPH)
Top of the 2nd over - 0 runs, 0 hits, 0 errors, 0 left on base; Las Vegas 1 - Gwinnett 0
BOTTOM OF THE 2ND
Gwinnett Braves batting - Pitching for Las Vegas 51s : RHP Ryan Stegall
Batting: LHB Jose Chinchilla 0-0: Called Strike
0-1: Foul Ball, location: 2F
0-2: Ball
1-2: Ball
2-2: Ball
3-2: Strikes out swinging
Batting: RHB Jesse Lester 0-0: Ball
1-0: Ball
2-0: Ball
3-0: Base on Balls
Batting: RHB T.J. Jordan 0-0: Ball
1-0: Ball
Jesse Lester steals 2nd base
2-0: Ball
3-0: Ground out 6-3 (Groundball, 6, EV 83.8 MPH)
Jesse Lester to third
Batting: RHB Ethan McCullough 0-0: Ball
1-0: Swinging Strike
1-1: Foul Ball, location: 2F
1-2: Foul Ball, location: 2F
1-2: Strikes out swinging
Bottom of the 2nd over - 0 runs, 0 hits, 0 errors, 1 left on base; Las Vegas 1 - Gwinnett 0
TOP OF THE 3RD
Las Vegas 51s batting - Pitching for Gwinnett Braves : RHP Preston Larson
Batting: RHB Leon Edwards 0-0: Called Strike
0-1: Called Strike
0-2: Strikes out swinging
Batting: RHB Jordan Martin 0-0: Called Strike
0-1: Ball
1-1: Ball
2-1: Ball
3-1: Called Strike
3-2: Foul Ball, location: 2F
3-2: Ground out 5-3 (Groundball, 56, EV 81.3 MPH)
Batting: SHB Billy Encinias 0-0: Called Strike
0-1: Swinging Strike
0-2: Strikes out swinging
Top of the 3rd over - 0 runs, 0 hits, 0 errors, 0 left on base; Las Vegas 1 - Gwinnett 0
BOTTOM OF THE 3RD
Gwinnett Braves batting - Pitching for Las Vegas 51s : RHP Ryan Stegall
Batting: RHB Angel Lescano 0-0: Fly out, F8 (Flyball, 8RM, EV 90.0 MPH)
Batting: LHB Ricky Ayon 0-0: Called Strike
0-1: Fly out, F7 (Flyball, 78D, EV 90.0 MPH)
Batting: RHB Alex Munoz 0-0: Foul Ball, location: 2F
0-1: Foul Ball, location: 2F
0-2: Ground out 5-3 (Groundball, 56, EV 78.8 MPH)
Bottom of the 3rd over - 0 runs, 0 hits, 0 errors, 0 left on base; Las Vegas 1 - Gwinnett 0
TOP OF THE 4TH
Las Vegas 51s batting - Pitching for Gwinnett Braves : RHP Preston Larson
Batting: SHB Roberto Magne 0-0: Called Strike
0-1: Hit by Pitch
Batting: LHB Bill Armijo 0-0: Ball
1-0: SINGLE (Line Drive, 56D, EV 106.3 MPH)
Roberto Magne to second
Batting: SHB Josh Schultze 0-0: Called Strike
0-1: Swinging Strike
0-2: Ball
1-2: Foul Ball, location: 2F
1-2: Foul Ball, location: 2F
1-2: Ball
2-2: Strikes out swinging
Batting: LHB Ben Goldstein 0-0: Called Strike
0-1: Ball
1-1: SINGLE (Line Drive, 7S, EV 88.8 MPH)
Roberto Magne to third
Bill Armijo to second
Batting: LHB Sal Fernandez 0-0: Called Strike
0-1: Ball
1-1: Swinging Strike
1-2: Ball
2-2: SINGLE (Flyball, 78M, EV 98.1 MPH)
Roberto Magne scores
Bill Armijo to third
Ben Goldstein to second
Runner from 3rd tries for Home, SAFE, throw by LF to home
Batting: RHB Masaya Nakamura 0-0: Ball
1-0: Ball
2-0: Called Strike
2-1: Grounds into double play, 6-4-3 (Groundball, 6, EV 83.8 MPH)
Top of the 4th over - 2 runs, 3 hits, 0 errors, 1 left on base; Las Vegas 3 - Gwinnett 0
BOTTOM OF THE 4TH
Gwinnett Braves batting - Pitching for Las Vegas 51s : RHP Ryan Stegall
Batting: RHB Jake Lang 0-0: Ground out 6-3 (Groundball, 6, EV 103.8 MPH)
Batting: RHB Josh Whitmore 0-0: Called Strike
0-1: SINGLE (Groundball, 56S, EV 72.5 MPH) (infield hit)
Batting: LHB Jose Chinchilla 0-0: Ball
Josh Whitmore steals 2nd base
1-0: Called Strike
1-1: Ball
2-1: DOUBLE (Flyball, 8LXD, EV 100.6 MPH)
Josh Whitmore scores
Batting: RHB Jesse Lester 0-0: Ball
1-0: Ground out 6-3 (Groundball, 6M, EV 95.0 MPH)
Jose Chinchilla to third
Batting: RHB T.J. Jordan 0-0: Ball
1-0: Called Strike
1-1: Swinging Strike
1-2: Foul Ball, location: 2F
1-2: Foul Ball, location: 2F
1-2: Strikes out swinging
Bottom of the 4th over - 1 run, 2 hits, 0 errors, 1 left on base; Las Vegas 3 - Gwinnett 1
TOP OF THE 5TH
Las Vegas 51s batting - Pitching for Gwinnett Braves : RHP Preston Larson
Batting: RHB Leon Edwards 0-0: Ball
1-0: Ball
2-0: Called Strike
2-1: Called Strike
2-2: Ball
3-2: Base on Balls
Batting: RHB Jordan Martin 0-0: Called Strike
0-1: Swinging Strike
0-2: Ball
1-2: Strikes out swinging
Batting: SHB Billy Encinias 0-0: Ball
1-0: Swinging Strike
1-1: Ball
2-1: Called Strike
2-2: Ball
3-2: Fly out, F8 (Flyball, 8RD, EV 89.4 MPH)
Batting: SHB Roberto Magne 0-0: Called Strike
0-1: Ball
1-1: Called Strike
1-2: Ball
2-2: Strikes out swinging
Top of the 5th over - 0 runs, 0 hits, 0 errors, 1 left on base; Las Vegas 3 - Gwinnett 1
BOTTOM OF THE 5TH
Gwinnett Braves batting - Pitching for Las Vegas 51s : RHP Ryan Stegall
Batting: RHB Ethan McCullough 0-0: Foul Ball, location: 2F
0-1: Ball
1-1: SOLO HOME RUN (Flyball, 8RXD, EV 105.0 MPH), Distance : 429 ft
Batting: RHB Angel Lescano 0-0: Ball
1-0: Ball
2-0: Called Strike
2-1: Ball
3-1: Fly out, F9 (Flyball, 9S, EV 89.4 MPH)
Batting: LHB Ricky Ayon 0-0: Ball
1-0: Ground out 6-3 (Groundball, 6M, EV 84.4 MPH)
Batting: RHB Alex Munoz 0-0: Ball
1-0: Foul Ball, location: 2F
1-1: Ground out 6-3 (Groundball, 6, EV 89.4 MPH)
Bottom of the 5th over - 1 run, 1 hit, 0 errors, 0 left on base; Las Vegas 3 - Gwinnett 2
TOP OF THE 6TH
Las Vegas 51s batting - Pitching for Gwinnett Braves : RHP Preston Larson
Pitching: RHP Alan Shanahan
Batting: LHB Bill Armijo 0-0: Called Strike
0-1: Ball
1-1: Ball
2-1: Foul Ball, location: 2F
2-2: SINGLE (Groundball, 34S, EV 68.1 MPH) (infield hit)
Batting: SHB Josh Schultze 0-0: Ball
1-0: Swinging Strike
1-1: Ball
2-1: Fielders Choice at 2nd, 6-4 (Groundball, 6, EV 86.3 MPH)
Batting: LHB Ben Goldstein 0-0: Foul Ball, location: 2F
0-1: Fielders Choice at 2nd, 6-4 (Groundball, 6, EV 83.1 MPH)
Batting: LHB Sal Fernandez 0-0: Called Strike
0-1: Ball
1-1: Ball
2-1: SINGLE (Groundball, 34D, EV 99.4 MPH) (infield hit)
Ben Goldstein to second
Batting: RHB Masaya Nakamura 0-0: Ground out 4-3 (Groundball, 4, EV 89.4 MPH)
Top of the 6th over - 0 runs, 2 hits, 0 errors, 2 left on base; Las Vegas 3 - Gwinnett 2
BOTTOM OF THE 6TH
Gwinnett Braves batting - Pitching for Las Vegas 51s : RHP Ryan Stegall
Batting: RHB Jake Lang 0-0: Foul Ball, location: 2F
0-1: Swinging Strike
0-2: Ball
1-2: Strikes out swinging
Batting: RHB Josh Whitmore 0-0: Called Strike
0-1: Called Strike
0-2: Ball
1-2: Foul Ball, location: 2F
1-2: Foul Ball, location: 2F
1-2: Strikes out swinging
Batting: LHB Jose Chinchilla 0-0: Ball
1-0: Called Strike
1-1: Foul Ball, location: 2F
1-2: Ground out 1-3 (Groundball, 13S, EV 73.8 MPH)
Bottom of the 6th over - 0 runs, 0 hits, 0 errors, 0 left on base; Las Vegas 3 - Gwinnett 2
TOP OF THE 7TH
Las Vegas 51s batting - Pitching for Gwinnett Braves : RHP Alan Shanahan
Pitching: RHP Chong-hun Park
Batting: RHB Leon Edwards 0-0: Ball
1-0: Swinging Strike
1-1: Swinging Strike
1-2: Ball
2-2: Strikes out looking and he ARGUES THE CALL AND IS TOSSED!
Batting: RHB Jordan Martin 0-0: Ball
1-0: Called Strike
1-1: Ball
2-1: Swinging Strike
2-2: Foul Ball, location: 2F
2-2: Foul Ball, location: 2F
2-2: Strikes out looking
Batting: SHB Billy Encinias 0-0: Ground out 4-3 (Groundball, 4M, EV 88.1 MPH)
Top of the 7th over - 0 runs, 0 hits, 0 errors, 0 left on base; Las Vegas 3 - Gwinnett 2
BOTTOM OF THE 7TH
Gwinnett Braves batting - Pitching for Las Vegas 51s : RHP Ryan Stegall
Now at SS: Edgar Franco
Batting: RHB Jesse Lester 0-0: Called Strike
0-1: Ball
1-1: Ball
2-1: Foul Ball, location: 2F
2-2: Ground out 4-3 (Groundball, 4M, EV 103.1 MPH)
Batting: RHB T.J. Jordan 0-0: Called Strike
0-1: Fly out, F7 (Flyball, 78M, EV 86.9 MPH)
Batting: RHB Ethan McCullough 0-0: Foul Ball, location: 2F
0-1: Ball
1-1: Ball
2-1: SINGLE (Line Drive, 34D, EV 101.3 MPH)
Batting: RHB Angel Lescano 0-0: Ball
1-0: Called Strike
1-1: Fly out, F8 (Flyball, 8RD, EV 101.3 MPH)
Bottom of the 7th over - 0 runs, 1 hit, 0 errors, 1 left on base; Las Vegas 3 - Gwinnett 2
TOP OF THE 8TH
Las Vegas 51s batting - Pitching for Gwinnett Braves : RHP Chong-hun Park
Batting: SHB Roberto Magne 0-0: Foul Ball, location: 2F
0-1: Ball
1-1: Ball
2-1: Ball
3-1: Base on Balls
Batting: LHB Bill Armijo 0-0: Called Strike
0-1: Ball
1-1: Ball
2-1: Fielders Choice at 2nd, 6-4 (Groundball, 6, EV 83.1 MPH)
Batting: SHB Josh Schultze 0-0: Ball
1-0: Called Strike
1-1: Swinging Strike
1-2: SINGLE (Groundball, 34D, EV 98.8 MPH)
Bill Armijo to second
Runner from 2nd tries for 3rd, SAFE, throw by RF made to third
Batting: LHB Ben Goldstein 0-0: Ball
1-0: Called Strike
1-1: Foul Ball, location: 2F
1-2: Ground out 5-3 (Groundball, 15, EV 80.0 MPH)
Josh Schultze to second
Batting: LHB Sal Fernandez 0-0: Foul Ball, location: 2F
0-1: Called Strike
0-2: Strikes out swinging
Top of the 8th over - 0 runs, 1 hit, 0 errors, 2 left on base; Las Vegas 3 - Gwinnett 2
BOTTOM OF THE 8TH
Gwinnett Braves batting - Pitching for Las Vegas 51s : RHP Ryan Stegall
Batting: LHB Ricky Ayon 0-0: Ball
1-0: Foul Ball, location: 2F
1-1: Ball
2-1: Foul Ball, location: 2F
2-2: Strikes out swinging
Pitching: RHP Justin Overlie
Batting: RHB Alex Munoz 0-0: Ball
1-0: Called Strike
1-1: Ball
2-1: Foul Ball, location: 2F
2-2: Foul Ball, location: 2F
2-2: Ball
3-2: Foul Ball, location: 2F
3-2: SINGLE (Groundball, 6MD, EV 93.8 MPH)
Batting: RHB Jake Lang 0-0: Swinging Strike
0-1: Ball
1-1: Swinging Strike
1-2: Strikes out swinging
Batting: RHB Josh Whitmore 0-0: Called Strike
0-1: Foul Ball, location: 2F
0-2: Foul Ball, location: 2F
0-2: Strikes out swinging
Bottom of the 8th over - 0 runs, 1 hit, 0 errors, 1 left on base; Las Vegas 3 - Gwinnett 2
TOP OF THE 9TH
Las Vegas 51s batting - Pitching for Gwinnett Braves : RHP Chong-hun Park
Pitching: LHP Mario Jimenez
Batting: RHB Masaya Nakamura 0-0: Ball
1-0: Ground out 6-3 (Groundball, 56, EV 84.4 MPH)
Batting: RHB Edgar Franco 0-0: Called Strike
0-1: Ball
1-1: Called Strike
1-2: Ball
2-2: Ball
3-2: Foul Ball, location: 2F
3-2: Fly out, F4 (Line Drive, 4, EV 60.6 MPH)
Batting: RHB Jordan Martin 0-0: Foul Ball, location: 2F
0-1: Swinging Strike
0-2: Foul Ball, location: 2F
0-2: Ball
1-2: Ball
2-2: Ball
3-2: Base on Balls
Batting: SHB Billy Encinias 0-0: Ball
1-0: Ball
2-0: Called Strike
2-1: Ball
3-1: Foul Ball, location: 2F
3-2: Strikes out looking
Top of the 9th over - 0 runs, 0 hits, 0 errors, 1 left on base; Las Vegas 3 - Gwinnett 2
BOTTOM OF THE 9TH
Gwinnett Braves batting - Pitching for Las Vegas 51s : RHP Justin Overlie
Pitching: RHP Ben Dicks
Now at 2B: Phil Lomax
Now in LF: Mike Titus
Now in RF: Bill Armijo
Batting: LHB Jose Chinchilla 0-0: Called Strike
0-1: Foul Ball, location: 2F
0-2: Ball
1-2: Strikes out swinging
Batting: RHB Jesse Lester 0-0: Foul Ball, location: 2F
0-1: Called Strike
0-2: Strikes out swinging
Batting: RHB T.J. Jordan 0-0: Ball
1-0: Ball
2-0: Foul Ball, location: 2F
2-1: Called Strike
2-2: Ball
3-2: Foul Ball, location: 2F
3-2: Foul Ball, location: 2F
3-2: Strikes out swinging
Bottom of the 9th over - 0 runs, 0 hits, 0 errors, 0 left on base; Las Vegas 3 - Gwinnett 2
Thursday, March 31st , 2022 - OOTP Baseball 22.12 Build 89